 Dungeon Crawl Stone Soup version 0.27-a0-1256-gced786f65e (webtiles) character file.

Game seed: 7172603039786042790

11305 rabbitsville the Fencer (level 11, -15/104 HPs)
             Began as a Minotaur Berserker on June 10, 2021.
             Was a High Priest of Trog.
             Succumbed to a redback's poison
             ... on level 2 of the Lair of Beasts on June 11, 2021.
             The game lasted 01:37:48 (13122 turns).

rabbitsville the Fencer (Minotaur Berserker)       Turns: 13122, Time: 01:37:49

Health: -15/104    AC: 12    Str: 25    XL:     11   Next: 47%
Magic:  10/10      EV: 11    Int:  4    God:    Trog [*****.]
Gold:   440        SH:  0    Dex: 16    Spells: 10/10 levels left

rFire    + . .     SeeInvis .   j - +2 long sword (holy)
rCold    + . .     Faith    .   (no shield)
rNeg     . . .     Spirit   .   I - +4 scale mail {rF+}
rPois    .         Reflect  .   (helmet restricted)
rElec    .         Harm     .   (no cloak)
rCorr    .         Rampage  .   y - +1 pair of gloves {archery}
Will     ++...                  w - +0 pair of boots {Stlth+}
Stlth    +.........             t - amulet of regeneration
HPRegen  2.27/turn              A - ring of protection from cold
MPRegen  0.12/turn              B - +6 ring of dexterity

@: lethally poisoned (-15 -> -121), strong-willed, corroded, on berserk
cooldown, regenerating
A: horns 2, retaliatory headbutt
a: Renounce Religion, Berserk, Trog's Hand, Brothers in Arms


You were on level 2 of the Lair of Beasts.
You worshipped Trog.
Trog was extremely pleased with you.
You visited 4 branches of the dungeon, and saw 13 of its levels.
You also visited: Ossuary.

You collected 843 gold pieces.
You spent 403 gold pieces at shops.

Inventory:

Hand Weapons
 a - a +0 falchion
 j - a +2 long sword of holy wrath (weapon)
 r - the +8 whip "Snakebite" {curare, rPois}
   (You found it on level 4 of the Dungeon)

   It poisons the flesh of those it strikes.
   It protects you from poison.
Missiles
 l - 258 stones
Armour
 w - a +0 pair of boots of stealth (worn)
 y - a +1 pair of gloves of archery (worn)
 I - a +4 scale mail of fire resistance (worn)
Jewellery
 b - a ring of magical power
 k - a +4 ring of evasion
 t - an amulet of regeneration (around neck)
 A - a ring of protection from cold (left hand)
 B - a +6 ring of dexterity (right hand)
Scrolls
 c - a scroll of immolation
 f - a scroll of noise {unknown}
 g - a scroll of fog {unknown}
 h - 2 scrolls of teleportation {unknown}
 m - 4 scrolls of enchant weapon {unknown}
 n - 11 scrolls of identify
 q - a scroll of acquirement {unknown}
 s - 5 scrolls of blinking {unknown}
 u - 3 scrolls of amnesia {unknown}
 C - 3 scrolls of fear {unknown}
 J - a scroll of silence {unknown}
 K - a scroll of magic mapping {unknown}
Potions
 d - a potion of experience {unknown}
 e - a potion of flight {unknown}
 i - 3 potions of curing
 p - 3 potions of berserk rage
 v - 3 potions of lignification {unknown}
 x - 2 potions of brilliance {unknown}
 D - 2 potions of might {unknown}
 E - a potion of invisibility {unknown}
 F - a potion of mutation {unknown}
 G - a potion of cancellation {unknown}
 H - 2 potions of degeneration {unknown}
 L - a potion of ambrosia {unknown}


   Skills:
 * Level 11.8 Fighting
 + Level 15.3 Long Blades
 * Level 10.2 Armour
 - Level 2.2 Dodging


You had 10 spell levels left.
You didn't know any spells.
Your spell library was empty.

Dungeon Overview and Level Annotations

Branches:
Dungeon (9/15)             Temple (1/1) D:4            Lair (2/6) D:9
 Spider (1/4) Lair:2      Ossuary (visited)
  Swamp: Lair:2-4    Shoals: Lair:2-4       Orc: D:9-12

Altars:
Ashenzari
Cheibriados
Elyvilon
Fedhas
Gozag
Hepliaklqana
Kikubaaqudgha
Nemelex Xobeh
Qazlal
Ru
Sif Muna
Trog
Uskayaw
Wu Jian
Xom
Yredelemnul
Zin
The Shining One
Lugonu

Shops:
D:6 [

Annotations:
Lair:2 exclusion: oklob plant


Innate Abilities, Weirdness & Mutations

You have a pair of horns on your head.
You reflexively headbutt those who attack you in melee.


Message History

You are more poisoned.
The redback poisons you!
The tarantella moves out of view.
The entropy weaver shouts!
There is a crawl-hole back to the Lair here.
You can't go down here!
You feel extremely sick.
You hear an angry hiss. x2
The redback barely misses you.
You riposte.
You closely miss the redback. The redback bites you!
The jumping spider leaps!
The redback barely misses you.
You hear an angry hiss.
You climb upwards.
Welcome back to the Lair of Beasts!
Level annotation: exclusion: oklob plant You feel extremely sick.
There is a hole to the Spider Nest, spattered with blood here.
Your skin crawls.
You feel strong-willed.
You feel extremely sick. The redback bites you.
You are more poisoned.
The redback poisons you! The redback closely misses you.
You furiously retaliate!
You headbutt the redback!
You riposte.
You completely miss the redback. Your headbutt misses the redback.
The redback is heavily wounded.
The redback bites you!
You are more poisoned.
The redback poisons you!
You hit the redback but do no damage. You headbutt the redback.
The redback is heavily wounded.
* * * LOW HITPOINT WARNING * * *
You feel extremely sick. The redback bites you!
* * * LOW HITPOINT WARNING * * *
You are more poisoned.
The redback poisons you!
The redback bites you but does no damage.
Okay, then.
As you read the scroll labelled TINIDEKLUKH, it crumbles to dust.
It is a scroll of identify.
i - 3 potions of curing You die...

........#.........#
.......##.........#
.....###..........#
...###^............
..##.^^^.##........
.##^^...##.........
##^.^^^## .........
#.ss^^^# .........
#.@..### ..........
#....## .......
######


You could see 2 redbacks.

Vanquished Creatures
  A two-headed ogre (D:8)
  Pikel (D:7)
  A wolf spider (Lair:2)
  5 komodo dragons
  3 blink frogs (Lair:1)
  2 jumping spiders (Lair:2)
  A troll (D:9)
  A polar bear (Lair:1)
  2 redbacks (Lair:2)
  A basilisk (Lair:1)
  8 yaks
  2 wyverns
  Menkaure (D:7)
  11 water moccasins
  A black bear (Lair:1)
  4 orc warriors
  A sky beast (D:5)
  An ice beast (D:6)
  12 wolves (Lair:1)
  2 ogres
  A phantom (D:6)
  3 centaurs
  2 lemures (D:7)
  4 bullfrogs
  A gnoll sergeant (D:7)
  A scorpion (D:7)
  A water moccasin zombie (D:5)
  A wyvern skeleton (D:6)
  9 killer bees
  A howler monkey (D:9)
  A bullfrog zombie (D:5)
  A gnoll shaman (D:7)
  3 centaur zombies
  3 orc priests
  A hound (D:4)
  A bullfrog skeleton (D:5)
  A centaur skeleton (D:6)
  3 iguanas
  Terence (D:2)
  6 orc wizards
  A hound skeleton (D:4)
  8 mummies (Ossuary)
  Robin (D:2)
  12 gnolls
  6 adders
  2 shadow imps
  12 white imps (Lair:1)
  2 ufetubi
  An adder skeleton (D:2)
  A worm (D:3)
  23 orcs
  3 bats
  8 endoplasms
  A giant cockroach (D:1)
  A gnoll zombie (Ossuary)
  15 goblins
  11 hobgoblins
  2 jackals (D:5)
  5 quokkas
  6 ball pythons
  5 frilled lizards
  2 hobgoblin zombies (Ossuary)
  2 kobolds
  3 kobold zombies (Ossuary)
  2 orc zombies (Ossuary)
  A quokka skeleton (D:4)
  6 rats
248 creatures vanquished.

Vanquished Creatures (others)
  A demonic plant (Temple)
  2 fungi (Lair:1)
  3 plants
6 creatures vanquished.

Grand Total: 254 creatures vanquished

Notes
Turn   | Place    | Note
-------+----------+-------------------------------------------
     0 | D:1      | rabbitsville the Minotaur Berserker began the quest for the
                  | Orb.
     0 | D:1      | Reached XP level 1. HP: 19/19 MP: 0/0
   248 | D:1      | Reached skill level 4 in Long Blades
   304 | D:1      | Reached XP level 2. HP: 27/27 MP: 1/1
   340 | D:1      | Found a faded altar of an unknown god.
   647 | D:1      | Reached XP level 3. HP: 33/33 MP: 2/2
  1113 | D:2      | Reached skill level 5 in Long Blades
  1241 | D:2      | Found a shimmering altar of Xom.
  1337 | D:2      | Noticed Robin
  1340 | D:2      | Reached ** piety under Trog
  1349 | D:2      | Killed Robin
  1351 | D:2      | Reached XP level 4. HP: 31/41 MP: 3/3
  1704 | D:2      | Noticed Terence
  2248 | D:3      | Found a shimmering blue altar of Sif Muna.
  2605 | D:3      | Found a glowing silver altar of Zin.
  2833 | D:3      | Found a blossoming altar of Fedhas.
  2833 | D:3      | Found a sacrificial altar of Ru.
  3416 | D:2      | Killed Terence
  3417 | D:2      | Reached skill level 5 in Fighting
  3417 | D:2      | Reached skill level 6 in Long Blades
  3417 | D:2      | Reached XP level 5. HP: 20/48 MP: 4/4
  3834 | D:4      | Found the +8 whip "Snakebite" {curare, rPois}
  3852 | D:4      | Noticed an ogre
  3869 | D:3      | Killed an ogre
  3869 | D:3      | Reached *** piety under Trog
  4040 | D:4      | Reached skill level 7 in Long Blades
  4040 | D:4      | Reached XP level 6. HP: 56/56 MP: 5/5
  4375 | D:4      | Found a hazy altar of Hepliaklqana.
  4957 | D:4      | Found a staircase to the Ecumenical Temple.
  4963 | Temple   | Entered the Ecumenical Temple
  5240 | D:5      | Entered Level 5 of the Dungeon
  5312 | D:5      | Found a shimmering altar of Xom.
  5370 | D:5      | Noticed a sky beast
  5381 | D:5      | Killed a sky beast
  5382 | D:5      | Reached skill level 8 in Long Blades
  5382 | D:5      | Reached XP level 7. HP: 64/64 MP: 6/6
  5584 | D:5      | Found a sparkling altar of Nemelex Xobeh.
  6007 | D:5      | Identified the +7 hand axe of Duhossaj {holy, Int+3}
  6158 | D:5      | Reached skill level 9 in Long Blades
  6803 | D:6      | Found a sand-covered staircase.
  6808 | Ossuary  | Entered an ossuary
  7246 | D:6      | Reached skill level 10 in Long Blades
  7246 | D:6      | Reached XP level 8. HP: 64/71 MP: 7/7
  8262 | D:6      | Found Jickouji's Armour Shoppe.
  8273 | D:6      | Bought a +4 scale mail of fire resistance for 403 gold
                  | pieces
  8288 | D:6      | Found an ornate altar of the Wu Jian Council.
  8358 | D:6      | Identified the +1 robe of the Apprentice {rF- rC+++ rCorr
                  | Str-5}
  8460 | D:6      | Reached skill level 11 in Long Blades
  8862 | D:7      | Noticed Menkaure
  8884 | D:7      | Killed Menkaure
  8884 | D:7      | Reached **** piety under Trog
  8885 | D:7      | Reached skill level 12 in Long Blades
  8915 | D:7      | Noticed Pikel
  9413 | D:7      | Killed Pikel
  9414 | D:7      | Reached skill level 13 in Long Blades
  9414 | D:7      | Reached XP level 9. HP: 78/78 MP: 8/8
  9414 | D:7      | Found a stormy altar of Qazlal.
  9885 | D:7      | Reached skill level 14 in Long Blades
 10387 | D:8      | Noticed a two-headed ogre
 10397 | D:8      | Killed a two-headed ogre
 10398 | D:8      | Reached skill level 5 in Armour
 10521 | D:8      | Found a bloodstained altar of Trog.
 10665 | D:8      | Identified the +6 dagger "Daocampe" {venom, rC+}
 11071 | D:8      | Reached XP level 10. HP: 90/90 MP: 9/9
 11676 | D:9      | Found a glowing golden altar of the Shining One.
 11781 | D:9      | Found a staircase to the Lair.
 11826 | Lair:1   | Entered Level 1 of the Lair of Beasts
 11865 | Lair:1   | Reached ***** piety under Trog
 11866 | Lair:1   | Reached skill level 10 in Fighting
 12000 | Lair:1   | Reached XP level 11. HP: 91/101 MP: 10/10
 12009 | Lair:1   | Reached skill level 15 in Long Blades
 12578 | Lair:1   | Found a frozen archway.
 12958 | Lair:2   | Noticed an oklob plant
 13015 | Lair:2   | Reached skill level 10 in Armour
 13060 | Lair:2   | Found a hole to the Spider Nest.
 13077 | Spider:1 | Entered Level 1 of the Spider Nest
 13077 | Spider:1 | Noticed an entropy weaver
 13077 | Spider:1 | Noticed a wolf spider
 13085 | Lair:2   | Killed a wolf spider
 13117 | Spider:1 | Noticed an entropy weaver
 13122 | Lair:2   | Succumbed to a redback's poison

Illustrated notes

Levels and vault maps discovered:
D:1:      onia_arrival_handbag, layout_basic, hellmonk_ecumenical_altar_blasted
D:2:      layout_loops_corners, basic_altar, uniq_terence, uniq_robin
D:3:      kennysheep_six_static_rooms, layout_basic, zin_statuary,
          old_standard_altar, gammafunk_temple_overflow_wave
D:4:      layout_cave_pools, worldfamousw_hep_ancestral_shrine,
          minmay_temple_entry_fiery, kennysheep_decorative_pillar,
          serial_bayou_pond_a, kennysheep_nub, roderic_roman_lattice
D:5:      layout_loops_corners, nemelex_spade_bored_becter, old_standard_altar
D:6:      layout_cave_pools, pdpol_wu_jian_five_deadly_venoms, serial_shops,
          shop, nicolae_ossuary_entry_plus, minmay_splitting_lines
D:7:      layout_basic, grunt_qazlal_clouds, uniq_menkaure, uniq_pikel
D:8:      layout_basic, bloody_trog, chequers_jeans
D:9:      layout_rooms, makhleb_altar_promises_db, nicolae_tso_carved_into_rock,
          david_lair_shrubbed
Temple:   corrupted_temple
Lair:1:   layout_regular_city, portal_ice_cave_entry_imps, minivault_25,
          beast_lair_carwin_2, serial_bayou_shore_b
Lair:2:   minmay_lair_oklob_tunnel, layout_cave_pods,
          spider_nest_entry_funnel_web, grunt_megastairs_3,
          minmay_lair_oklob_chamber
Spider:1: layout_spider_delve, drop_trap

Skill      XL: |  1  2  3  4  5  6  7  8  9 10 11 |
---------------+----------------------------------+-----
Long Blades    | 4 5 6 7 8 10 13 14 15 | 15.3
Fighting       | 4 5 6 8 10 11 | 11.8
Armour         | 5 8 10 | 10.2
Dodging        | |  2.2

Action                   |  1- 3 |  4- 6 |  7- 9 | 10-12 || total
-------------------------+-------+-------+-------+-------++-------
Melee: Falchion          |    66 |   172 |   277 |       ||   515
       Headbutt          |    13 |    42 |    73 |    68 ||   196
       Long sword        |       |       |     9 |   227 ||   236
Throw: Stone             |       |     4 |       |       ||     4
Invok: Berserk           |       |     1 |    11 |     7 ||    19
       Trog's Hand       |       |       |     1 |     1 ||     2
  Use: Scroll            |       |     2 |       |     1 ||     3
       Potion            |       |       |     1 |       ||     1
 Stab: Sleeping          |       |       |       |     1 ||     1
Armor: Animal skin       |     1 |       |       |       ||     1
       Ring mail         |    11 |     4 |       |       ||    15
       Scale mail        |       |    48 |   107 |   102 ||   257
Dodge: Dodged            |    38 |    66 |   111 |   118 ||   333
       Rpst.: Falchion   |    12 |    13 |    32 |       ||    57
       Long sword        |       |       |       |    27 ||    27

Table legend: (Time is in decaauts)
 A = Elapsed time spent in this place.
 B = Non-inter-level travel time spent in this place.
 C = Inter-level travel time spent in this place.
 D = Time resting spent in this place.
 E = Time spent auto-exploring this place.
 F = Levels seen in this place.
 G = Mean time per level.
                   A        B        C        D        E       F      G
               +--------+--------+--------+--------+--------+-----+--------+
         Total |  13172 |  12720 |    452 |   2787 |   4658 |  14 |  940.9 |
       Dungeon |  11331 |  10879 |    452 |   2374 |   4117 |   9 | 1259.0 |
        Temple |    107 |    107 |      0 |      0 |      0 |   1 |  107.0 |
          Lair |   1299 |   1299 |      0 |    211 |    541 |   2 |  649.5 |
   Spider Nest |      6 |      6 |      0 |      0 |      0 |   1 |    6.0 |
       Ossuary |    427 |    427 |      0 |    202 |      0 |   1 |  427.0 |
               +--------+--------+--------+--------+--------+-----+--------+

Top non-repeatable levels by time:
     D:5: 2140 daAuts
     D:2: 1594 daAuts
     D:7: 1538 daAuts
     D:3: 1385 daAuts
     D:4: 1222 daAuts
     D:8: 1170 daAuts
     D:1: 1125 daAuts
  Lair:1: 1106 daAuts
     D:6: 845 daAuts
 Ossuary: 427 daAuts
     D:9: 307 daAuts
  Lair:2: 193 daAuts
  Temple: 107 daAuts
Spider:1: 6 daAuts
